 Dungeon Crawl Stone Soup version 0.13-a0-2537-g1f6edf4 (webtiles) character file.

198 Rycklaryybbe the Digger (level 3, -6/26 HPs)
             Began as a Demigod Earth Elementalist on July 27, 2013.
             Mangled by Crazy Yiuf
             ... wielding a +3,+2 quarterstaff of chaos
              (20 damage)
             ... while paralysed by Crazy Yiuf
             ... on Level 2 of the Dungeon.
             The game lasted 00:05:25 (2234 turns).

Rycklaryybbe the Digger (DgEE)                      Turns: 2234, Time: 00:05:25

HP  -6/26        AC  6     Str 11      XL: 3   Next: 14%
MP   0/8         EV  2     Int 20      God:
Gold 158         SH  0     Dex 17      Spells:  2 memorised,  1 level left

Res.Fire  : . . .   See Invis. : +   a - +2 sabre
Res.Cold  : . . .   Warding    : .   x - +2 robe
Life Prot.: . . .   Conserve   : .   l - +0 buckler
Res.Poison: .       Res.Corr.  : .   (no helmet)
Res.Elec. : .       Clarity    : .   (no cloak)
Sust.Abil.: . .     Spirit.Shd : .   (no gloves)
Res.Mut.  : .       Stasis     : .   (no boots)
Res.Rott. : .       Flight     : .   (no amulet)
Saprovore : . . .                    (no ring)
                                     r - ring of see invisible {unknown}

@: paralysed, stone skin, slightly resistant to hostile enchantments, fairly
stealthy
A: no striking features
a: no special abilities


You were on level 2 of the Dungeon.
You were near starving.

You visited 1 branch of the dungeon, and saw 2 of its levels.

You collected 138 gold pieces.

Inventory:

Hand weapons
 a - a +2,+2 sabre (weapon)
 m - a +1,+0 elven whip
Missiles
 b - 51 stones (quivered)
 f - 16 sling bullets
Armour
 l - a +0 buckler (worn)
 x - a +2 robe (worn)
Comestibles
 j - a meat ration
 v - 3 bread rations
 A - a rotting chunk of hobgoblin flesh
Scrolls
 g - 8 scrolls of identify {unknown}
 h - 2 scrolls of amnesia {unknown}
 i - a scroll of curse armour {unknown}
 n - 3 scrolls of fear {unknown}
 p - 2 scrolls of enchant weapon II {unknown}
 t - a scroll of noise {unknown}
 y - a scroll of magic mapping {unknown}
Jewellery
 r - a ring of see invisible (left hand) {unknown}
Potions
 c - a potion of cure mutation {unknown}
 e - a potion of restore abilities {unknown}
 k - a potion of brilliance {unknown}
 o - a potion of decay {unknown}
 q - 3 potions of curing {unknown}
 s - a potion of slowing {unknown}
 u - a potion of invisibility {unknown}
 z - 2 potions of degeneration {unknown}
Books
 d - a book of Geomancy

   Spells                             Type                      Level
   *Sandblast                         Earth                        1
   *Stoneskin                         Transmutation/Earth          2
   Passwall                           Transmutation/Earth          3
   Stone Arrow                        Conjuration/Earth            3
   Petrify                            Transmutation/Earth          4
   Lee's Rapid Deconstruction         Earth                        5
 w - a book of the Warp

   Spells                             Type                      Level
   Recall                             Summoning/Translocation      3
   Control Teleport                   Charms/Translocation         4
   Phase Shift                        Translocation                5
   Warp Weapon                        Charms/Translocation         5
   Dispersal                          Translocation                6
   Controlled Blink                   Translocation                7
   Disjunction                        Translocation                8


   Skills:
 - Level 1.7 Dodging
 - Level 1.7 Stealth
 - Level 1.0 Spellcasting
 - Level 0.8 Transmutations
 + Level 4.0 Earth Magic


You had one spell level left.
You knew the following spells:

 Your Spells              Type           Power        Failure   Level  Hunger
a - Sandblast             Erth           ###...       4%          1    ##.....
b - Stoneskin             Trmt/Erth      ##........   14%         2    ###....


Dungeon Overview and Level Annotations

Branches:
Dungeon (2/27)

Annotations
D:2 Crazy Yiuf


Message History

The rocky blast hits Crazy Yiuf.
Crazy Yiuf is severely wounded.
Crazy Yiuf hits you but does no damage.
Casting: Sandblast
Confirm with . or Enter, or press ? or * to list all spells.
Aiming: Sandblast
Press: ? - help, Shift-Dir - straight line, f/p - Crazy Yiuf
Aim: Crazy Yiuf, wielding a quarterstaff of chaos and wearing a cloak (severely wounded)
The rocky blast hits Crazy Yiuf.
Crazy Yiuf is severely wounded.
Crazy Yiuf hits you with a quarterstaff of chaos.
You feel your power leaking away.
a - an uncursed sabre (weapon)
You hit Crazy Yiuf.
Crazy Yiuf is almost dead.
Crazy Yiuf hits you with a quarterstaff of chaos.
You suddenly lose the ability to move!
Crazy Yiuf hits you but does no damage.
You are electrocuted!
Ouch! That really hurt!
You die...

...######.#### #####.#.#########
.#.# #.# #.#.# #.# .#.######.##
#.#.# #.#
...........##########.#.####.####
..........................>......
......####.#####.################
##### #.# #..##♣♣♣♣♣♣
#.####..##♣♣♣♣♣♣
#.##...@g...♣.♣♣♣
#.##.##......♣..♣
####.##.#......♣♣♣♣.....
#.......#.....♣♣♣♣ .
####.####..##♣♣♣♣ #.#####.##♣♣♣
#.......# #.......# #########


You could see Crazy Yiuf.

Vanquished Creatures
  An adder (D:2)
  A worm (D:2)
  2 bats
  2 giant cockroaches (D:2)
  6 goblins
  5 hobgoblins
  3 kobolds (D:1)
  A giant newt (D:2)
  3 rats
24 creatures vanquished.

Notes
Turn   | Place    | Note
--------------------------------------------------------------
     0 | D:1      | Rycklaryybbe, the Demigod Earth Elementalist, began the quest for the Orb.
     0 | D:1      | Reached XP level 1. HP: 14/14 MP: 5/5
   557 | D:1      | Reached skill level 3 in Earth Magic
  1159 | D:2      | Reached XP level 2. HP: 15/20 MP: 4/6
  1243 | D:2      | Learned a level 2 spell: Stoneskin
  1859 | D:2      | Reached XP level 3. HP: 22/26 MP: 5/8
  1909 | D:2      | Reached skill level 4 in Earth Magic
  2216 | D:2      | Noticed Crazy Yiuf
  2233 | D:2      | Paralysed by Crazy Yiuf for 6 turns
  2234 | D:2      | Mangled by Crazy Yiuf

Action                   || total
-------------------------++-------
Melee: Whip              ||    17
       Unarmed           ||     7
       Sabre             ||    42
 Cast: Sandblast         ||    30
       Stoneskin         ||     2
 Stab: Sleeping          ||     3
